 Dungeon Crawl Stone Soup version 0.27-a0-1193-g8631133539 (webtiles) character file.

Game seed: 8125770035145563193

2 Mesmaeker13 the Caller (level 1, -7/13 HPs)
             Began as a Mummy Summoner on May 26, 2021.
             Mangled by a gnoll
             ... wielding a +0 flail
              (13 damage)
             ... on level 1 of the Dungeon.
             The game lasted 00:00:32 (424 turns).

Mesmaeker13 the Caller (Mummy Summoner)              Turns: 424, Time: 00:00:33

Health: -7/13      AC:  2    Str: 11    XL:     1   Next: 33%
Magic:  1/4        EV: 12    Int: 14    God:
Gold:   16         SH:  0    Dex: 12    Spells: 4/5 levels left

rFire    x . .     SeeInvis .   b - +0 whip
rCold    + . .     Faith    .   (no shield)
rNeg     + + +     Spirit   .   a - +0 robe
rPois    ∞         Reflect  .   (no helmet)
rElec    .         Harm     .   (no cloak)
rCorr    .         Rampage  .   (no gloves)
Will     .....                  (no boots)
Stlth    ++........             (no amulet)
HPRegen  0.04/turn              (no ring)
MPRegen  0.09/turn              (no ring)

@: very slightly contaminated
A: cold resistance 1, negative energy resistance 3, torment resistance 2, heat
vulnerability 1, no potions
a: no special abilities


You were on level 1 of the Dungeon.
You visited 1 branch of the dungeon, and saw 1 of its levels.

You collected 16 gold pieces.

Inventory:

Hand Weapons
 b - a +0 whip (weapon)
Armour
 a - a +0 robe (worn)


   Skills:
 + Level 1.6 Dodging
 - Level 1.5 Stealth
 + Level 2.8 Spellcasting
 + Level 3.3 Summonings


You had 4 spell levels left.
You knew the following spells:

 Your Spells              Type           Power      Damage    Failure   Level
a - Summon Small Mammal   Summ           44%        N/A       5%          1

Your spell library contained the following spells:

 Spells                   Type           Power      Damage    Failure   Level
 Call Imp                 Summ           11%        N/A       9%          2
 Call Canine Familiar     Summ           11%        N/A       17%         3
 Summon Guardian Golem    Hex/Summ       6%         N/A       32%         3
 Summon Ice Beast         Ice/Summ       6%         N/A       73%         4
 Summon Lightning Spire   Summ/Air       6%         N/A       73%         4


Dungeon Overview and Level Annotations

Branches:
Dungeon (1/15)

Altars:


Innate Abilities, Weirdness & Mutations

You are immune to poison.
Your flesh is cold resistant. (rC+)
You are immune to negative energy. (rN+++)
You are immune to unholy pain and torment.
You are vulnerable to heat. (rF-)
You do not drink.


Message History

Your bat hits the gnoll but does no damage.
Casting: Summon Small Mammal (safe; 5% risk of failure)
Confirm with . or Enter, or press ? or * to list all spells.
The gnoll hits you with a +0 flail!
Ouch! That really hurt!
The gnoll misses you.
You swap places.
Your bat barely misses the gnoll.
Your bat closely misses the gnoll.
The gnoll misses your bat.
Your bat barely misses the gnoll.
Your bat hits the gnoll but does no damage.
Your bat hits the gnoll.
Your bat barely misses the gnoll.
Something hits your bat!
Your bat dies!
Your bat's corpse disappears in a puff of smoke!
Casting: Summon Small Mammal (safe; 5% risk of failure)
Confirm with . or Enter, or press ? or * to list all spells.
Your bat barely misses the gnoll.
The gnoll barely misses your bat.
Your bat hits the gnoll. The gnoll barely misses your bat.
Your bat hits the gnoll but does no damage.
Your bat misses the gnoll.
Your bat barely misses the gnoll.
Your bat hits the gnoll but does no damage.
Your bat hits the gnoll but does no damage.
Your bat hits the gnoll but does no damage. x2
Casting: Summon Small Mammal (safe; 5% risk of failure)
Confirm with . or Enter, or press ? or * to list all spells.
You miscast Summon Small Mammal.
You are very lightly contaminated with residual magic.
Nothing appears to happen.
Your bat hits the gnoll but does no damage.
Your bat barely misses the gnoll.
Casting: Summon Small Mammal (safe; 5% risk of failure)
Confirm with . or Enter, or press ? or * to list all spells.
Your bat barely misses the gnoll.
Your bat hits the gnoll but does no damage.
Your bat hits the gnoll but does no damage. x2
The gnoll hits you with a +0 flail!
Ouch! That really hurt!
You die...

#♣...♣♣♣g.....8♣
#.# #.♣♣♣♣
♣♣♣.b.._♣ #.. ###
♣♣.....8♣ #.#..
♣♣♣g♣♣♣♣..♣##.##.
♣♣...♣.♣♣.♣♣......
#.♣♣♣♣.♣.♣♣ #.# #
#b# ##.♣.♣## #.###
#g# #...♣♣.# #.##.
#@###......# #.##.
#r.........# #.##.
####.###..## #....
.........# ####.
####.####.# #.
..........# ##
.....###..########
#.#..###..........
#...............


You could see a gnoll (ally target), a friendly bat (summoned) and a friendly
rat (summoned).

Vanquished Creatures
  2 ball pythons (D:1)
2 creatures vanquished.

Vanquished Creatures (collateral kills)
  An endoplasm (D:1)
1 creature vanquished.

Grand Total: 3 creatures vanquished

Notes
Turn   | Place    | Note
-------+----------+-------------------------------------------
     0 | D:1      | Mesmaeker13 the Mummy Summoner began the quest for the Orb.
     0 | D:1      | Reached XP level 1. HP: 13/13 MP: 4/4
   274 | D:1      | Found a faded altar of an unknown god.
   424 | D:1      | Mangled by a gnoll

Illustrated notes

Levels and vault maps discovered:
D:1:      dpeg_arrival_signposts, layout_basic,
          shapermc_ecumenical_altar_totnotflames

Action                   || total
-------------------------++-------
Melee: Whip              ||     2
 Cast: Summon Small Mamm ||     9
 Stab: Sleeping          ||     1
Dodge: Dodged            ||     6

Table legend: (Time is in decaauts)
 A = Elapsed time spent in this place.
 B = Non-inter-level travel time spent in this place.
 C = Inter-level travel time spent in this place.
 D = Time resting spent in this place.
 E = Time spent auto-exploring this place.
 F = Levels seen in this place.
 G = Mean time per level.
                   A        B        C        D        E       F      G
               +--------+--------+--------+--------+--------+-----+--------+
         Total |    423 |    423 |      0 |    158 |    181 |   1 |  423.0 |
       Dungeon |    423 |    423 |      0 |    158 |    181 |   1 |  423.0 |
               +--------+--------+--------+--------+--------+-----+--------+

Top non-repeatable levels by time:
     D:1: 423 daAuts
